 Dungeon Crawl Stone Soup version 0.29-a0-1047-g7c58e119a4 (webtiles) character file.

Game seed: 6844271645592638522

240 voltaire321 the Ducker (level 6, -1/48 HPs)
             Began as a Merfolk Gladiator on Aug 16, 2022.
             Slain by Duvessa
             ... wielding a +0 short sword
              (10 damage)
             ... on level 4 of the Dungeon.
             The game lasted 00:06:04 (3421 turns).

voltaire321 the Ducker (Merfolk Gladiator)          Turns: 3421, Time: 00:06:04

Health: -1/48      AC:  6    Str: 15    XL:     6   Next: 8%
Magic:  6/6        EV: 14    Int: 13    God:
Gold:   185        SH:  0    Dex: 17    Spells: 5/5 levels left

rFire   . . .      SeeInvis .   a - +0 long sword
rCold   . . .      Faith    .   (no shield)
rNeg    . . .      Spirit   .   b - +0 leather armour
rPois   .          Reflect  .   c - +0 helmet
rElec   .          Harm     .   o - +1 cloak
rCorr   .          Rampage  .   (no gloves)
Will    .....                   (no boots)
Stlth   +.........              (no amulet)
HPRegen 0.16/turn               j - +6 ring of intelligence
MPRegen 0.10/turn               (no ring)

@: lit by a corona, glowing
A: (nimble swimmer 2), mertail
a: no special abilities


You were on level 4 of the Dungeon.
You visited 1 branch of the dungeon, and saw 4 of its levels.

You collected 185 gold pieces.

Inventory:

Hand Weapons
 a - a +0 long sword (weapon)
Missiles
 d - a throwing net (quivered)
 e - a javelin
Armour
 b - a +0 leather armour (worn)
 c - a +0 helmet (worn)
 o - a +1 cloak (worn)
Jewellery
 j - a +6 ring of intelligence (left hand)
Wands
 h - a wand of flame (12)
 m - a wand of polymorph (9)
Scrolls
 f - a scroll of poison {unknown}
 l - a scroll of identify
 p - a scroll of magic mapping {unknown}
 q - a scroll of fog
 s - a scroll of noise {unknown}
 t - a scroll of teleportation {unknown}
Potions
 i - 4 potions of curing
 n - a potion of brilliance {unknown}
 r - 2 potions of mutation {unknown}


   Skills:
 + Level 3.8 Fighting
 + Level 5.0 Long Blades
 + Level 3.4 Throwing
 + Level 5.5 Dodging


You had 5 spell levels left.
You didn't know any spells.
Your spell library contained the following spells:

 Spells                   Type           Power      Damage    Failure   Level
 Static Discharge         Conj/Air       0%         3-3/arc   50%         2
 Dispel Undead            Necr           0%         3d6       98%         4
 Sticky Flame             Conj/Fire      0%         2d3       98%         4


Dungeon Overview and Level Annotations

Branches:
Dungeon (4/15)
 Temple: D:4-7

Altars:

Annotations:
D:4 Dowan, Duvessa


Innate Abilities, Weirdness & Mutations

((You are very nimble when in or above water. (Stealth+, EV+, Speed+++)))
Your lower body shifts to a powerful aquatic tail in water.


Message History

Duvessa is caught in the net!
Duvessa struggles against the net.
Dowan mumbles some strange words.
Dowan blinks!
A goblin comes into view. It is wielding a +0 dagger.
Dowan gestures at you while chanting. The puff of flame hits you!
Duvessa struggles against the net.
Duvessa says, "Where magic fails, the sword succeeds!"
Duvessa struggles against the net.
Dowan casts a spell at Duvessa.
Duvessa seems to speed up.
Duvessa struggles against the net.
Duvessa struggles against the net.
The net rips apart, and Duvessa comes free!
Dowan says, "My weaknesses are her strengths!"
Duvessa looks more healthy.
Duvessa attacks as you move away! Duvessa barely misses you.
Duvessa closely misses you. Duvessa attacks as you move away!
Duvessa hits you with a +0 short sword!
You slash Duvessa!
Duvessa is moderately wounded.
Duvessa closely misses you. Duvessa hits you with a +0 short sword.
You hit Duvessa.
Duvessa is heavily wounded.
Duvessa hits you with a +0 short sword. Duvessa misses you.
You hit Duvessa. You punch Duvessa.
Duvessa is severely wounded.
Duvessa hits you with a +0 short sword. Duvessa barely misses you.
You hit Duvessa.
Duvessa is severely wounded.
Duvessa hits you with a +0 short sword.
You barely miss Duvessa. You punch Duvessa, but do no damage.
Duvessa is severely wounded.
Duvessa closely misses you. Duvessa hits you with a +0 short sword!
* * * LOW HITPOINT WARNING * * *
Dowan smirks and points a slender finger.
You hit Duvessa but do no damage.
Duvessa is severely wounded.
Duvessa hits you with a +0 short sword!
You die...

#...........#......###.#.
#.......##.##......# #.##
##.....##...##.†.^.# #...
##...e#..~..#.....# #...
###....~~≈......)# #...
#..#..~..#.....# #.##
#..##...##.....# #.#.
#.e###.###.....###...
#.ge@..............##
#.########.....###.##
####.##### #.....###.##
#........####........†..
#........##.......#...##
#...........#######..)..
#........#### #....#
#........# #...##
#........# #####


You could see Duvessa (fast), Dowan and a goblin.

Vanquished Creatures
  A centaur (D:4)
  Natasha (twice) (D:2)
  3 adders (D:2)
  4 worms
  3 dart slugs
  An orc (D:2)
  3 endoplasms
  3 giant cockroaches (D:1)
  7 goblins
  8 hobgoblins
  2 jackals (D:1)
  4 kobolds
  3 quokkas
  6 ball pythons
  6 bats
  4 frilled lizards
  7 rats
67 creatures vanquished.

Notes
Turn   | Place    | Note
-------+----------+-------------------------------------------
     0 | D:1      | voltaire321 the Merfolk Gladiator began the quest for the
                  | Orb.
     0 | D:1      | Reached XP level 1. HP: 16/16 MP: 1/1
   259 | D:1      | Reached XP level 2. HP: 23/23 MP: 2/2
   698 | D:1      | Found a faded altar of an unknown god.
   719 | D:1      | Reached XP level 3. HP: 28/28 MP: 3/3
  1454 | D:2      | Reached XP level 4. HP: 35/35 MP: 4/4
  1647 | D:2      | Noticed Natasha
  1657 | D:2      | Killed Natasha
  1831 | D:2      | Noticed Natasha
  1838 | D:2      | Killed Natasha
  1839 | D:2      | Reached skill level 5 in Dodging
  1994 | D:2      | Reached XP level 5. HP: 36/41 MP: 5/5
  3081 | D:4      | Noticed a centaur
  3090 | D:4      | Killed a centaur
  3091 | D:4      | Reached XP level 6. HP: 40/48 MP: 6/6
  3240 | D:4      | Reached skill level 5 in Long Blades
  3400 | D:4      | Noticed Duvessa
  3400 | D:4      | Noticed Dowan
  3421 | D:4      | Slain by Duvessa

Illustrated notes

Levels and vault maps discovered:
D:1:      scummos_arrival_simple_fountains, layout_basic,
          shapermc_ecumenical_altar_starsandcircs
D:2:      layout_loops_corners, grunt_ministairs_9, nicolae_titane, uniq_natasha
D:3:      layout_rooms
D:4:      cheibrodos_barr_body, layout_rooms, grunt_ministairs_10,
          amcnicky_mini_pool_small, uniq_duvessa

Skill      XL: |  1  2  3  4  5  6 |
---------------+-------------------+-----
Long Blades    | 4 5 |  5.0
Fighting       | 3 |  3.8
Throwing       | 3 |  3.4
Dodging        | 5 |  5.5

Action                   |  1- 3 |  4- 6 || total
-------------------------+-------+-------++-------
Melee: Long sword        |    92 |   112 ||   204
       Punch             |       |     2 ||     2
Throw: Throwing net      |     1 |     1 ||     2
       Dart              |     3 |    10 ||    13
  Use: Scroll            |       |     5 ||     5
 Stab: Sleeping          |       |     2 ||     2
Armor: Leather armour    |    36 |    34 ||    70
Dodge: Dodged            |    66 |    77 ||   143

Table legend: (Time is in decaauts)
 A = Elapsed time spent in this place.
 B = Non-inter-level travel time spent in this place.
 C = Inter-level travel time spent in this place.
 D = Time resting spent in this place.
 E = Time spent auto-exploring this place.
 F = Levels seen in this place.
 G = Mean time per level.
                   A        B        C        D        E       F      G
               +--------+--------+--------+--------+--------+-----+--------+
         Total |   3455 |   3411 |     44 |    600 |   2047 |   4 |  863.8 |
       Dungeon |   3455 |   3411 |     44 |    600 |   2047 |   4 |  863.8 |
               +--------+--------+--------+--------+--------+-----+--------+

Top non-repeatable levels by time:
     D:2: 1355 daAuts
     D:1: 1272 daAuts
     D:3: 483 daAuts
     D:4: 343 daAuts
